 Dungeon Crawl Stone Soup version 0.31-a0-233-g139696dc86 (webtiles) character file.

Game seed: 599591216626213474

126 qw the Shooter (level 5, 0/30 HPs)
             Began as a Gargoyle Hexslinger on July 8, 2023.
             Slain by a cerulean imp
             ... wielding a +2 spear
             ... summoned by Natasha
              (2 damage)
             ... on level 3 of the Dungeon.
             The game lasted 00:00:47 (2283 turns).

qw the Shooter (Gargoyle Hexslinger)                Turns: 2283, Time: 00:00:47

Health: 0/30       AC:  7    Str: 11    XL:     5   Next: 9%
Magic:  6/6        EV: 12    Int: 12    God:
Gold:   115        SH:  0    Dex: 14    Spells: 5/6 levels left

rFire   . . .        Y - +2 sling
rCold   + . .        (no shield)
rNeg    + . .        c - +0 robe
rPois   inf          (no helmet)
rElec   +            (no cloak)
rCorr   .            a - +0 pair of gloves
SInv    .            (no boots)
Will    .....        (no amulet)
Stlth   +            (no ring)
HPRegen 0.25/turn    (no ring)
MPRegen 0.10/turn

%: no passive effects
@: about to teleport
A: sickness immunity, AC +4, negative energy resistance 1, electricity
resistance, torment resistance 1, petrification resistance, cold resistance 1,
dopey 1
a: no special abilities


You were on level 3 of the Dungeon.
You visited 1 branch of the dungeon, and saw 3 of its levels.

You collected 115 gold pieces.


Innate Abilities, Weirdness & Mutations

You are immune to sickness and miasma.
Your stone body is resilient. (AC +4)
You are immune to poison.
You resist negative energy. (rN+)
You are resistant to electric shocks. (rElec)
You are resistant to unholy torment.
You are immune to petrification.
Your flesh is cold resistant. (rC+)
You are dopey. (Int -2)


   Skills:
 - Level 2.0 Fighting
 + Level 4.8 Ranged Weapons
 - Level 1.5 Dodging
 - Level 1.0 Spellcasting
 - Level 2.6 Hexes


You had 5 spell levels left.
You knew the following spells:

 Your Spells              Type           Power      Damage    Failure   Level
a - Slow                  Hex            28%        N/A       10%         1

Your spell library contained the following spells:

 Spells                   Type           Power      Damage    Failure   Level
 Inner Flame              Hex/Fire       3%         N/A       45%         3
 Portal Projectile        Hex/Tloc       6%         N/A       45%         3
 Cause Fear               Hex            3%         N/A       69%         4

Inventory:

Hand Weapons
 Y - a +2 sling (weapon)
Armour
 a - a +0 pair of gloves (worn)
 c - a +0 robe (worn)
 f - a +0 leather armour
Scrolls
 h - a scroll of identify
 m - a scroll of enchant armour {unknown}
Potions
 b - a potion of degeneration {unknown}
 d - a potion of attraction {unknown}
 e - a potion of brilliance {unknown}
 g - a potion of curing
 i - 2 potions of mutation
 j - a potion of berserk rage {unknown}
 k - a potion of haste {unknown}
 l - a potion of enlightenment {unknown}

Dungeon Overview and Level Annotations

Branches:
Dungeon (3/15)

Altars:

Annotations:
D:3 Natasha


Message History

The sling bullet closely misses the orc.
The orc closely misses you. The orc barely misses you.
Natasha casts a spell.
The orc hits you but does no damage. The orc misses you.
You shoot a sling bullet. The sling bullet barely misses the orc.
The orc closely misses you. The orc hits you with a +0 hand axe.
You shoot a sling bullet. The sling bullet hits the orc.
The orc is moderately wounded.
The orc hits you with a +0 flail. The orc hits you but does no damage.
You shoot a sling bullet.
The sling bullet completely misses the orc.
The orc hits you but does no damage. The orc hits you with a +0 hand axe.
The cerulean imp hits you but does no damage.
You shoot a sling bullet. The sling bullet hits the orc.
The orc is heavily wounded.
The cerulean imp hits you but does no damage.
The orc hits you but does no damage. The cerulean imp misses you.
The orc misses you.
You shoot a sling bullet. The sling bullet hits the orc.
You kill the orc!
The cerulean imp hits you but does no damage. x2
The orc hits you with a +0 flail.
The cerulean imp hits you from afar with a +0 spear.
You shoot a sling bullet. The sling bullet hits the cerulean imp!
The cerulean imp is heavily wounded.
The cerulean imp hits you with a +2 spear.
The orc hits you with a +0 flail. The cerulean imp barely misses you.
The cerulean imp hits you with a +2 spear.
The orc barely misses you.
2282 ||| READING scroll of teleportation.
As you read the scroll of teleportation, it crumbles to dust.
You feel strangely unstable. The cerulean imp barely misses you.
The orc misses you.
The cerulean imp hits you but does no damage.
2283 ||| Stepping ~*~*~tactically~*~*~ (outnumbered).
The cerulean imp attacks as you move away!
The cerulean imp hits you but does no damage.
The orc hits you but does no damage.
The cerulean imp hits you from afar with a +2 spear.
You die...

### ..# #.##
...# # #.$# #.
#.># #.###..#
####
.(.#@o#)....
#.####.#........
#.....55..#.....
######h#### ....
#.# ...
#######.# ..
#.......# # ###
#.#######
..######.####


You could see Natasha, a cerulean imp (summoned) and an orc.

Vanquished Creatures
  A hound (D:3)
  An orc priest (D:3)
  An adder (D:2)
  3 dart slugs
  7 orcs (D:3)
  3 ball pythons (D:1)
  2 endoplasms
  3 giant cockroaches
  2 hobgoblins (D:1)
  3 kobolds
  2 quokkas
  7 bats
  4 frilled lizards
  4 goblins
  2 rats
45 creatures vanquished.

Notes
Turn   | Place    | Note
-------+----------+-------------------------------------------
     0 | D:1      | qw the Gargoyle Hexslinger began the quest for the Orb.
     0 | D:1      | Reached XP level 1. HP: 12/12 MP: 2/2
     0 | D:1      | 0 ||| qw: Version: 0.3-a-46-gb1f654a
     0 | D:1      | 0 ||| qw: Game counter: 3380
     0 | D:1      | 0 ||| qw: Melee chars always use a shield: true
     0 | D:1      | 0 ||| qw: God list: Okawaru
     0 | D:1      | 0 ||| qw: Allow faded altars: false
     0 | D:1      | 0 ||| qw: Do Orc after clearing Dungeon:15 true
     0 | D:1      | 0 ||| qw: Do second Lair branch before Depths: true
     0 | D:1      | 0 ||| qw: Lair rune preference: random
     0 | D:1      | 0 ||| qw: Goals: Normal
     0 | D:1      | 0 ||| PLANNING D:1-11
   204 | D:1      | Reached XP level 2. HP: 14/16 MP: 3/3
   334 | D:1      | Reached skill level 3 in Ranged Weapons
   644 | D:1      | Reached XP level 3. HP: 18/21 MP: 4/4
   981 | D:1      | 981 ||| DROPPING amulet of magic regeneration.
   982 | D:1      | 982 ||| DROPPING ring of flight.
   983 | D:1      | 983 ||| READING scroll labelled YTWUAQ LIRYM.
   984 | D:1      | 984 ||| READING scroll labelled NIPHUOTIOT.
  1085 | D:1      | 1085 ||| DRINKING 2 golden potions.
  1086 | D:1      | 1086 ||| DROPPING scroll of poison.
  1800 | D:2      | 1800 ||| UPGRADING to +0 pair of gloves.
  1805 | D:2      | 1805 ||| READING scroll labelled QOANGY ZARU.
  1806 | D:2      | 1806 ||| READING scroll labelled HUUHOESCHOFF.
  1810 | D:2      | 1810 ||| READING 2 scrolls labelled VUAMON REVAI.
  1811 | D:2      | 1811 ||| READING scroll labelled BUIKKOPAHU.
  1812 | D:2      | 1812 ||| DRINKING 3 sapphire potions.
  1812 | D:2      | Gained mutation: You are dopey. (Int -2) [potion of
                  | mutation]
  1812 | D:2      | Gained mutation: Your flesh is cold resistant. (rC+)
                  | [potion of mutation]
  1905 | D:3      | Reached skill level 4 in Ranged Weapons
  1905 | D:3      | Reached XP level 4. HP: 14/26 MP: 5/5
  1905 | D:3      | 1905 ||| FLEEEEING.
  1906 | D:3      | 1906 ||| FLEEEEING.
  1907 | D:3      | 1907 ||| FLEEEEING.
  1908 | D:3      | 1908 ||| FLEEEEING.
  1909 | D:3      | 1909 ||| FLEEEEING.
  1910 | D:3      | 1910 ||| FLEEEEING.
  1911 | D:3      | 1911 ||| FLEEEEING.
  1912 | D:3      | 1912 ||| FLEEEEING.
  1913 | D:3      | 1913 ||| STAIRDANCE
  2214 | D:3      | Reached XP level 5. HP: 30/30 MP: 6/6
  2272 | D:3      | Noticed Natasha
  2281 | D:3      | HP: 5/30 [orc/+0 flail (4)]
  2281 | D:3      | HP: 1/30 [cerulean imp/+2 spear[Natasha] (4)]
  2282 | D:3      | 2282 ||| READING scroll of teleportation.
  2283 | D:3      | 2283 ||| Stepping ~*~*~tactically~*~*~ (outnumbered).
  2283 | D:3      | Slain by a cerulean imp

Levels and vault maps discovered:
D:1:      elethiomel_arrival_maze, layout_basic
D:2:      layout_loops_ring, corexii_corridor_pit, corexii_hall_statues_x,
          patterned_corridor
D:3:      minmay_roachtagon, layout_basic, uniq_natasha

Skill      XL: |  1  2  3 |
---------------+----------+-----
Ranged Weapons | 3 4 |  4.8
Fighting       | 2 |  2.0
Dodging        | |  1.5
Spellcasting   | |  1.0
Hexes          | |  2.6

Action                     |  1- 3 |  4- 6 || total
---------------------------+-------+-------++-------
   Fire: Sling             |   119 |    42 ||   161
    Use: Scroll            |     6 |     1 ||     7
         Potion            |     2 |       ||     2
 Armour: Robe              |    13 |    18 ||    31
  Dodge: Dodged            |    34 |    37 ||    71

Table legend:
 A = Non-vault XP
 B = Vault XP
 C = Vault XP percentage of total XP
 D = Non-vault monster count
 E = Vault monster count
 F = Vault count percentage of total count
                 A         B        C        D         E       F
            +---------+---------+-------+---------+---------+-------
      Total |     180 |       0 |   0.0 |      45 |       0 |   0.0
            +---------+---------+-------+---------+---------+-------
        D:1 |      42 |       0 |   0.0 |      23 |       0 |   0.0
        D:2 |      23 |       0 |   0.0 |       6 |       0 |   0.0
        D:3 |     115 |       0 |   0.0 |      16 |       0 |   0.0
            +---------+---------+-------+---------+---------+-------
